 Dungeon Crawl Stone Soup version 0.24-a0-375-g4de66ed42b (webtiles) character file.

Game seed: 16218729520052989963

191 Goodini51 the Grasshopper (level 6, -1/46 HPs)
             Began as a Human Warper on May 31, 2019.
             Slain by an orc wizard
             ... wielding a +0 dagger
              (4 damage)
             ... on level 5 of the Dungeon.
             The game lasted 00:07:11 (3704 turns).

Goodini51 the Grasshopper (Human Warper)            Turns: 3704, Time: 00:07:12

Health: -1/46      AC:  5    Str: 12    XL:     6   Next: 1%
Magic:  9/9        EV: 12    Int: 14    God:
Gold:   143        SH:  0    Dex: 13    Spells: 7/9 levels left

rFire    . . .     SeeInvis .   a - +0 falchion
rCold    . . .     Gourm    .   (no shield)
rNeg     . . .     Faith    +   b - +0 leather armour
rPois    .         Spirit   .   (no helmet)
rElec    .         Reflect  .   (no cloak)
rCorr    .         Harm     .   h - +1 pair of gloves
MR       .....                  (no boots)
Stlth    +.........             i - amulet of faith
HPRegen  0.15/turn              (no ring)
MPRegen  0.11/turn              (no ring)

@: no status effects
A: no striking features
a: no special abilities


You were on level 5 of the Dungeon.
You were not hungry.

You visited 1 branch of the dungeon, and saw 5 of its levels.

You collected 143 gold pieces.

Inventory:

Hand Weapons
 a - a +0 falchion (weapon)
 q - a +1 hunting sling of freezing
 y - a +1 spear of piercing
Missiles
 e - 5 boomerangs of dispersal (quivered)
 r - 24 stones
 s - 60 arrows
Armour
 b - a +0 leather armour (worn)
 h - a +1 pair of gloves (worn)
 z - a +0 crystal plate armour
Jewellery
 i - an amulet of faith (around neck)
Wands
 v - a wand of iceblast (22)
Scrolls
 c - 4 scrolls of remove curse {unknown}
 d - 2 scrolls of blinking
 g - a scroll of magic mapping
 l - a scroll of enchant armour {unknown}
 n - a scroll of amnesia {unknown}
 p - a scroll of noise {unknown}
 x - a scroll of teleportation {unknown}
Potions
 j - a potion of degeneration
 k - 2 potions of flight
 m - 2 potions of heal wounds
 o - 3 potions of lignification
 t - a potion of might
 u - a potion of berserk rage {unknown}
 w - a potion of curing {unknown}
Comestibles
 f - 3 rations


   Skills:
 + Level 2.9 Fighting
 + Level 2.7 Long Blades
 * Level 2.7(2.9) Slings
 + Level 1.2(2.1) Throwing
 + Level 1.7 Armour
 + Level 2.6 Dodging
 + Level 0.7 Stealth
 * Level 2.4 Spellcasting
 * Level 3.1 Translocations


You had 7 spell levels left.
You knew the following spells:

 Your Spells              Type           Power        Failure   Level  Hunger
a - Blink                 Tloc           N/A          12%         2    ###....

Your spell library contained the following spells:

 Spells                   Type           Power        Failure   Level  Hunger
 Shroud of Golubria       Chrm/Tloc      #.........   22%         2    ###....
 Gell's Gravitas          Tloc           ##........   24%         3    ###....
 Lesser Beckoning         Tloc           ##........   24%         3    ###....
 Teleport Other           Tloc           ##......     24%         3    ###....
 Passage of Golubria      Tloc           N/A          61%         4    #####..


Dungeon Overview and Level Annotations

Branches:
Dungeon (5/15)             Temple (0/1) D:5

Altars:
The Shining One


Message History

The orc wizard gestures at you while chanting.
The magic dart hits you.
* * * LOW HITPOINT WARNING * * *
Things that are here:
a +0 dagger; a +0 robe; 3 stones You feel yourself speed up.
The orc wizard mumbles some strange words.
The orc wizard blinks!
The orc wizard hits you with a +0 dagger.
* * * LOW HITPOINT WARNING * * *
You see here a stone.
The orc wizard hits you with a +0 dagger.
* * * LOW HITPOINT WARNING * * *
You closely miss the orc wizard. The orc wizard closely misses you. x2
You riposte.
You slash the orc wizard!
The orc wizard is heavily wounded.
You closely miss the orc wizard.
The orc wizard is heavily wounded.
The orc wizard hits you with a +0 dagger.
You die...

#.# #.# #.#
#.# #.# #.#
#.#
###########.#
....(.(@o).[#
#############


You could see an orc wizard.

Vanquished Creatures
  A howler monkey (D:4)
  A centaur skeleton (D:2)
  An orc wizard (D:5)
  Natasha (D:3)
  2 adders
  3 oozes
  4 orcs
  2 giant cockroaches
  8 goblins
  2 hobgoblins (D:1)
  2 jackals (D:1)
  3 kobolds
  A quokka (D:3)
  A ball python (D:1)
  5 bats
  2 frilled lizards
  2 rats
41 creatures vanquished.

Vanquished Creatures (others)
  An ogre (D:5)
1 creature vanquished.

Grand Total: 42 creatures vanquished

Notes
Turn   | Place    | Note
-------+----------+-------------------------------------------
     0 | D:1      | Goodini51 the Human Warper began the quest for the Orb.
     0 | D:1      | Reached XP level 1. HP: 16/16 MP: 3/3
   155 | D:1      | Reached XP level 2. HP: 22/22 MP: 5/5
   516 | D:1      | Reached XP level 3. HP: 21/28 MP: 6/6
  1409 | D:2      | Reached XP level 4. HP: 23/34 MP: 7/7
  1503 | D:2      | Learned a level 2 spell: Blink
  3072 | D:3      | Noticed Natasha
  3081 | D:3      | Killed Natasha
  3081 | D:3      | Reached skill level 1 in Slings
  3081 | D:3      | Reached XP level 5. HP: 16/39 MP: 8/8
  3405 | D:4      | Found a glowing golden altar of the Shining One.
  3423 | D:4      | Noticed an ogre
  3436 | D:5      | Entered Level 5 of the Dungeon
  3544 | D:5      | Killed an ogre
  3638 | D:5      | Found a staircase to the Ecumenical Temple.
  3699 | D:5      | Reached XP level 6. HP: 10/46 MP: 9/9
  3704 | D:5      | Slain by an orc wizard

Levels and vault maps discovered:
D:1:      mrwooster_arrival_statue_3, layout_loops_ring,
          chequers_serial_rivers_small_3
D:2:      layout_basic
D:3:      minmay_angry_zag, layout_basic, first_ration, uniq_natasha
D:4:      layout_loops_ring, tso_metal_star
D:5:      lemuel_ice_spiral_2, layout_basic, temple_fountains,
          nicolae_ru_path_of_blood

Skill      XL: |  1  2  3  4  5 |
---------------+----------------+-----
Slings         | 1 2 |  2.7
Fighting       | |  2.9
Long Blades    | |  2.7
Throwing       | |  1.2
Armour         | |  1.7
Dodging        | |  2.6
Stealth        | |  0.7
Spellcasting   | |  2.4
Translocations | |  3.1

Action                   |  1- 3 |  4- 6 || total
-------------------------+-------+-------++-------
Melee: Falchion          |    67 |    12 ||    79
 Fire: Hunting sling     |       |    74 ||    74
 Cast: Blink             |       |     3 ||     3
  Use: Scroll            |     5 |     2 ||     7
 Stab: Sleeping          |     2 |       ||     2
  Eat: Chunk             |     1 |     2 ||     3
       Ration            |       |     2 ||     2
Armor: Leather armour    |    17 |    11 ||    28
Dodge: Dodged            |    41 |    30 ||    71
       Rpst.: Falchion   |    12 |     3 ||    15

Table legend:
 A = Non-vault XP
 B = Vault XP
 C = Vault XP percentage of total XP
 D = Non-vault monster count
 E = Vault monster count
 F = Vault count percentage of total count
                 A         B        C        D         E       F
            +---------+---------+-------+---------+---------+-------
      Total |     227 |      46 |  16.8 |      37 |       4 |   9.8
            +---------+---------+-------+---------+---------+-------
        D:1 |      29 |       0 |   0.0 |      15 |       0 |   0.0
        D:2 |      71 |       0 |   0.0 |      10 |       0 |   0.0
        D:3 |      15 |      46 |  75.4 |       7 |       4 |  36.4
        D:4 |      57 |       0 |   0.0 |       2 |       0 |   0.0
        D:5 |      55 |       0 |   0.0 |       3 |       0 |   0.0
            +---------+---------+-------+---------+---------+-------
